Map: Prion Terraces

Players

Miszu - Winner!

  • Race: Terran Terran
  • League: Grandmaster

Kaerion

  • Race: Protoss Protoss
  • League: Gold

VOD

Have the link to the VOD?

Description

Time

  • Played on: Feb. 17, 2016, 1:08 p.m.
  • Length: 7:43
Show
View Real Time Build Order
Export as new Build Order

Miszu Terran - Winner!

Build Orders: Command Center First (CC), MMM Bio 

Get SALT Encoding   

  12  0:01  SCV  
  13  0:13  SCV  
  14  0:19  Supply Depot  
  14  0:25  SCV  
  15  0:40  SCV  
  16  0:52  SCV  
  17  1:00  Command Center  
  17  1:04  SCV  
  18  1:16  SCV  
  18  1:17  Barracks  
  19  1:29  Barracks, SCV  
  20  1:41  SCV  
  20  1:43  Barracks  
  21  1:53  SCV  
  23  2:09  Marine, Orbital Command  
  23  2:11  Orbital Command  
  23  2:16  Marine  
  24  2:27  Marine  
  25  2:30  Marine  
  25  2:34  Marine, Refinery  
  25  2:35  Refinery, SCV  
  28  2:39  SCV  
  29  2:45  Marine  
  29  2:48  Marine  
  29  2:50  SCV  
  32  2:52  Marine  
  32  2:54  SCV  
  34  3:02  SCV  
  34  3:03  Marine  
  34  3:05  Supply Depot  
  36  3:06  Barracks Tech Lab  
  36  3:09  SCV  
  36  3:12  Supply Depot  
  37  3:14  Bunker, Marine  
  38  3:20  Engineering Bay  
  38  3:26  Marine x2, SCV x2  
  42  3:29  Stimpack  
  42  3:35  Marine  
  42  3:39  SCV  
  42  3:40  SCV  
  42  3:41  Supply Depot  
  45  3:44  Marine x2  
  47  3:50  Factory  
  47  3:51  SCV  
  48  3:58  SCV  
  48  4:01  Marine  
  48  4:02  Refinery  
  50  4:03  SCV  
  50  4:08  Missile Turret  
  51  4:11  SCV  
  51  4:12  Missile Turret  
  52  4:18  Marine, Missile Turret  
  52  4:20  Marine  
  54  4:25  Marauder  
  54  4:26  SCV  
  54  4:28  SCV  
  58  4:35  Starport  
  58  4:37  Factory Reactor  
  58  4:38  Marine  
  59  4:40  Marine  
  59  4:44  SCV  
  61  4:49  SCV  
  62  4:56  Barracks  
  62  5:01  Barracks  
  62  5:04  Supply Depot  
  62  5:05  Marine, Marauder  
  65  5:08  Supply Depot  
  65  5:10  Marine  
  66  5:18  Medivac  
  66  5:19  Medivac  
  70  5:26  Marine, Marauder, SCV x2  
  70  5:28  Marine  
  75  5:30  Widow Mine  
  75  5:34  Supply Depot  
  78  5:38  Supply Depot  
  78  5:39  Combat Shields  
  78  5:44  Marine x2  
  78  5:48  Marine, Marauder  
  83  5:50  Medivac  
  83  5:56  Medivac  
  87  6:01  Marine x3  
  90  6:05  Widow Mine  
  90  6:06  Marine  
  90  6:09  Marauder  
  95  6:18  Marine  
  95  6:19  Marine x2  
  95  6:24  Supply Depot, Marine  
  95  6:25  Supply Depot  
  99  6:26  Medivac  
  99  6:30  Marine  
  101  6:36  Marine  
  102  6:42  Marine  
  102  6:43  Marine x2  
  102  6:45  Medivac  
  101  6:47  Widow Mine  
  101  6:48  Marauder  
  104  6:54  Marine  
  104  6:59  Marine  
  101  7:10  Marauder  
  95  7:15  Marine  
  95  7:18  Marine  
Show
View Real Time Build Order
Export as new Build Order

Kaerion Protoss 

Build Orders: Blink Stalkers 

Get SALT Encoding   

  12  0:02  Probe (Chrono Boost)  
  13  0:12  Probe (Chrono Boost)  
  14  0:23  Probe (Chrono Boost)  
  14  0:24  Pylon  
  15  0:42  Probe (Chrono Boost)  
  16  0:44  Gateway  
  16  0:49  Assimilator  
  16  0:52  Probe (Chrono Boost)  
  17  1:03  Probe (Chrono Boost)  
  18  1:04  Assimilator  
  18  1:13  Probe (Chrono Boost)  
  19  1:24  Gateway  
  19  1:28  Probe (Chrono Boost)  
  20  1:33  Cybernetics Core  
  20  1:35  Zealot (Chrono Boost)  
  20  1:39  Probe (Chrono Boost)  
  23  1:54  Pylon  
  23  2:10  Gateway  
  23  2:12  Warp Gate (Chrono Boost), Probe (Chrono Boost)  
  24  2:23  Probe (Chrono Boost)  
  25  2:33  Pylon  
  25  2:40  Gateway  
  25  2:42  Mothership Core (Chrono Boost)  
  27  3:00  Probe (Chrono Boost)  
  28  3:05  Twilight Council  
  28  3:12  Pylon  
  28  3:29  Pylon  
  28  3:39  Pylon  
  28  3:43  Blink (Chrono Boost)  
  28  4:25  Stalker x4  
  36  4:32  Pylon  
  36  4:36  Pylon  
  36  4:49  Stalker x2  
  36  4:50  Stalker x2  
  44  5:18  Stalker x2  
  44  5:19  Stalker x2  
  51  5:41  Stalker x2  
  51  5:42  Stalker  
  57  5:59  Robotics Facility  
  57  6:09  Stalker  
  57  6:11  Stalker  
  61  6:25  Stalker  
Tags
 
Add a new tag
Caveats
  • Supply blocks, unpowered buildings, or Contaminate may cause inaccurate times.
  • Supply counts are checked every 10 seconds.